 Dungeon Crawl Stone Soup version 0.26-a0-540-g8a0c9464d7 (webtiles) character file.

Game seed: 9565153781034388067

392 vurker the Gusty (level 6, -3/36 HPs)
             Began as a Tengu Air Elementalist on Aug 22, 2020.
             Slain by an iguana (12 damage)
             ... on level 4 of the Dungeon.
             The game lasted 00:06:16 (4541 turns).

vurker the Gusty (Tengu Air Elementalist)           Turns: 4541, Time: 00:06:17

Health: -3/36      AC:  3    Str:  8    XL:     6   Next: 81%
Magic:  7/13       EV: 15    Int: 18    God:
Gold:   148        SH:  0    Dex: 14    Spells: 3/13 levels left

rFire    . . .     SeeInvis .   r - +1 short sword
rCold    . . .     Faith    .   (no shield)
rNeg     . . .     Spirit   .   a - +1 robe
rPois    .         Reflect  .   (helmet restricted)
rElec    .         Harm     .   (no cloak)
rCorr    .                      (no gloves)
MR       +....                  (boots unavailable)
Stlth    ++........             (no amulet)
HPRegen  0.12/turn              f - ring of protection from magic
MPRegen  0.13/turn              (no ring)

@: flying quickly and evasively, quick
A: beak, talons 3, able to fly
a: Stop Flying


You were on level 4 of the Dungeon.
You visited 1 branch of the dungeon, and saw 4 of its levels.

You collected 268 gold pieces.
You spent 120 gold pieces at shops.

Inventory:

Hand Weapons
 r - a +1 short sword (weapon)
   (You took it off an orc priest on level 2 of the Dungeon)
Armour
 a - a +1 robe (worn)
Jewellery
 f - a ring of protection from magic (left hand)
   (You found it on level 3 of the Dungeon)
 o - an uncursed ring of ice
   (You found it on level 3 of the Dungeon)
Wands
 e - a wand of enslavement (8)
   (You found it on level 3 of the Dungeon)
Scrolls
 b - 2 scrolls of amnesia
 c - a scroll of remove curse
 g - a scroll of magic mapping
 k - 4 scrolls of teleportation
 l - a scroll of enchant armour
 m - 3 scrolls of immolation
Potions
 d - 2 potions of brilliance
 h - a potion of flight {unknown}
 j - 2 potions of heal wounds
 n - a potion of resistance {unknown}
 q - a potion of curing


   Skills:
 + Level 2.4 Fighting
 - Level 2.1 Dodging
 - Level 2.0 Stealth
 * Level 4.0 Spellcasting
 + Level 3.5 Conjurations
 * Level 6.6 Air Magic


You had 3 spell levels left.
You knew the following spells:

 Your Spells              Type           Power        Failure   Level
a - Shock                 Conj/Air       ###.         1%          1
b - Lightning Bolt        Conj/Air       ###.......   45%         5
c - Airstrike             Air            ####......   10%         4

Your spell library contained the following spells:

 Spells                   Type           Power        Failure   Level
 Swiftness                Air            ####....     1%          2
 Static Discharge         Conj/Air       ###.....     5%          3
 Apportation              Tloc           #.....       14%         1


Dungeon Overview and Level Annotations

Branches:
Dungeon (4/15)
 Temple: D:4-7

Altars:
Makhleb
Qazlal
Sif Muna
Wu Jian
Yredelemnul
Zin

Shops:
D:4 ?

Annotations:
D:4 3 runed translucent doors, HoaS's ghost, novice TrMo


Innate Abilities, Weirdness & Mutations

You have a beak for a mouth.
You have claws for feet.
You can fly continuously.


Message History

Okay, then.
Okay, then.
i - a scroll of identify;
i - 2 scrolls of identify (gained 1) Thank you for shopping at Okimagho's Magic Scroll Shoppe!
As you read the scroll of identify, it crumbles to dust.
j - 2 potions of heal wounds
As you read the scroll of identify, it crumbles to dust.
p - a potion of berserk rage Drop what? 17/52 slots (_ for help) (? for menu, Esc to quit)
Autopickup disabled for potions of berserk rage.
You drop a potion of berserk rage.
You now have 142 gold pieces (gained 3).
Things that are here:
a +0 trident; a +0 leather armour You see here a potion of might.
You now have 148 gold pieces (gained 6).
Found a stone staircase leading down.
Found a leather armour.
You see here a leather armour.
An iguana is nearby!
An iguana is nearby!
An iguana is nearby!
Aim: an iguana (wandering, hasn't noticed you)
The zap hits the iguana but does no damage.
The iguana hisses angrily.
Aim: an iguana The zap hits the iguana but does no damage.
Aim: an iguana The zap misses the iguana.
The gnoll shouts!
Aim: an iguana The zap misses the iguana.
The zap hits the gnoll.
Aim: an iguana The zap hits the iguana.
The zap hits the gnoll.
Aim: an iguana (lightly wounded)
The zap misses the iguana.
The zap misses the gnoll.
The iguana bites you!
Aim: an iguana (lightly wounded)
The zap misses the iguana.
The zap misses the gnoll.
The iguana bites you.
Aim: an iguana (lightly wounded)
The zap hits the iguana but does no damage.
The zap hits the gnoll.
You kill the gnoll!
The iguana bites you!
* * * LOW HITPOINT WARNING * * *
The iguana bites you.
* * * LOW HITPOINT WARNING * * *
Okay, then.
The zap hits the iguana. x2
The zap hits the iguana. x2; The iguana bites you!
You die...

######
#....##########
#....#.........
#....#.########
#.........# ###
#......##.####..
#............#..
######......##.##.#..
#..l@.......##.#.....
#.####.......#.......
#.........#..###.#...
#..#####.#.>.....)...
#..........#....####.
#..#####..#####.# #.
##......... .#.# #.
#.#####.####.#.# #.
#............#.# #.


You could see an iguana.

Vanquished Creatures
  2 hounds (D:4)
  An orc priest (D:2)
  4 orc wizards
  A worker ant (D:4)
  6 adders
  2 gnolls (D:4)
  A worm (D:3)
  3 dart slugs
  3 leopard geckos
  15 orcs
  A ball python (D:3)
  2 giant cockroaches
  5 goblins
  6 hobgoblins
  6 jackals (D:1)
  6 kobolds
  A quokka (D:2)
  6 bats
  4 frilled lizards
  9 rats
84 creatures vanquished.

Vanquished Creatures (others)
  A rat (D:3)
1 creature vanquished.

Grand Total: 85 creatures vanquished

Notes
Turn   | Place    | Note
-------+----------+-------------------------------------------
     0 | D:1      | vurker the Tengu Air Elementalist began the quest for the
                  | Orb.
     0 | D:1      | Reached XP level 1. HP: 10/10 MP: 4/4
   199 | D:1      | Reached XP level 2. HP: 16/16 MP: 3/6
   756 | D:1      | Reached skill level 1 in Fighting
   756 | D:1      | Reached XP level 3. HP: 20/20 MP: 1/7
  1319 | D:2      | Reached skill level 5 in Air Magic
  1319 | D:2      | Reached XP level 4. HP: 12/25 MP: 0/9
  2296 | D:3      | Gained mutation: You can fly continuously. [Tengu growth]
  2296 | D:3      | Reached XP level 5. HP: 22/29 MP: 3/10
  2708 | D:3      | Learned a level 5 spell: Lightning Bolt
  2713 | D:3      | Learned a level 4 spell: Airstrike
  3219 | D:3      | Found a shimmering blue altar of Sif Muna.
  3238 | D:3      | Reached skill level 6 in Air Magic
  3238 | D:3      | Reached XP level 6. HP: 35/35 MP: 3/12
  3306 | D:3      | Identified Sif Muna's Catalogue of Translocation
  3416 | D:4      | Found Okimagho's Magic Scroll Shoppe.
  3968 | D:4      | Noticed HoaS's ghost (novice TrMo)
  3980 | D:4      | Found an ornate altar of the Wu Jian Council.
  3985 | D:4      | Found a glowing silver altar of Zin.
  3985 | D:4      | Found a burning altar of Makhleb.
  3998 | D:4      | Found a basalt altar of Yredelemnul.
  4002 | D:4      | Found a stormy altar of Qazlal.
  4025 | D:4      | Found a runed translucent gate.
  4025 | D:4      | Found a runed translucent gate.
  4025 | D:4      | Found a runed translucent gate.
  4438 | D:4      | Bought a scroll of teleportation for 36 gold pieces
  4438 | D:4      | Bought a scroll of teleportation for 36 gold pieces
  4438 | D:4      | Bought a scroll of identify for 24 gold pieces
  4438 | D:4      | Bought a scroll of identify for 24 gold pieces
  4541 | D:4      | Slain by an iguana

Illustrated notes

Levels and vault maps discovered:
D:1:      lemuel_arrival_river_ford, layout_basic
D:2:      layout_rooms
D:3:      layout_basic, led_sif_book, serial_rivers,
          chequers_serial_rivers_marsh, chequers_serial_rivers_small_b,
          chequers_serial_rivers_micro_b, chequers_serial_rivers_room_a,
          chequers_serial_rivers_large_a
D:4:      layout_basic, kennysheep_mini_moat, minmay_overflow_temple_star_hex,
          serial_shops, shop_statue, gammafunk_ghost_split,
          minmay_misc_feat_rows, minmay_misc_feat_secret_circle

Skill      XL: |  1  2  3  4  5  6 |
---------------+-------------------+-----
Fighting       | 1 2 |  2.4
Conjurations   | 2 3 |  3.5
Air Magic      | 5 6 |  6.6
Spellcasting   | 3 4 |  4.0
Dodging        | |  2.1
Stealth        | |  2.0

Action                   |  1- 3 |  4- 6 || total
-------------------------+-------+-------++-------
Melee: Unarmed           |     3 |       ||     3
       Kick              |     1 |     1 ||     2
       Peck              |     1 |     1 ||     2
       Short sword       |       |    10 ||    10
 Cast: Shock             |    54 |   162 ||   216
 Abil: Fly               |       |     1 ||     1
  Use: Scroll            |       |    16 ||    16
Armor: Robe              |     2 |     6 ||     8
Dodge: Dodged            |     9 |    36 ||    45

Table legend: (Time is in decaauts)
 A = Elapsed time spent in this place.
 B = Non-inter-level travel time spent in this place.
 C = Inter-level travel time spent in this place.
 D = Time resting spent in this place.
 E = Time spent auto-exploring this place.
 F = Levels seen in this place.
 G = Mean time per level.
                   A        B        C        D        E       F      G
               +--------+--------+--------+--------+--------+-----+--------+
         Total |   4446 |   4111 |    335 |     75 |   3479 |   4 | 1111.5 |
       Dungeon |   4446 |   4111 |    335 |     75 |   3479 |   4 | 1111.5 |
               +--------+--------+--------+--------+--------+-----+--------+

Top non-repeatable levels by time:
     D:3: 1765 daAuts
     D:2: 943 daAuts
     D:1: 920 daAuts
     D:4: 817 daAuts
